Map: Frost LE

Players

IIIIIIIIIIII - Winner!

  • Race: Protoss Protoss
  • League: Grandmaster

IIIIIIIIIIII

  • Race: Protoss Protoss
  • League: Master

VOD

Have the link to the VOD?

Description

Time

  • Played on: Aug. 3, 2016, 11:44 p.m.
  • Length: 10:10
Show
View Real Time Build Order
Export as new Build Order

IIIIIIIIIIII Protoss - Winner!

Build Orders:  

Get SALT Encoding   

  12  0:01  Probe (Chrono Boost)  
  13  0:11  Probe (Chrono Boost)  
  14  0:17  Pylon  
  14  0:22  Probe (Chrono Boost)  
  15  0:35  Probe (Chrono Boost)  
  16  0:36  Gateway  
  16  0:45  Probe (Chrono Boost)  
  16  0:47  Assimilator  
  17  0:51  Assimilator  
  17  0:56  Probe (Chrono Boost)  
  18  1:07  Probe (Chrono Boost)  
  18  1:09  Gateway  
  19  1:17  Probe (Chrono Boost)  
  20  1:24  Cybernetics Core  
  20  1:28  Probe (Chrono Boost)  
  21  1:34  Pylon  
  21  1:38  Probe (Chrono Boost)  
  22  1:47  Warp Gate  
  22  1:49  Probe (Chrono Boost)  
  23  2:00  Probe (Chrono Boost)  
  24  2:02  Adept x2  
  24  2:07  Pylon  
  30  2:16  Mothership Core (Chrono Boost)  
  30  2:33  Stalker x2  
  34  2:57  Nexus  
  34  3:12  Sentry x2  
  36  3:16  Probe (Chrono Boost)  
  36  3:19  Pylon  
  36  3:28  Probe (Chrono Boost)  
  36  3:32  Robotics Facility  
  36  3:39  Probe (Chrono Boost)  
  36  3:49  Probe (Chrono Boost)  
  36  3:50  Sentry  
  36  3:51  Zealot  
  41  4:00  Probe (Chrono Boost)  
  42  4:09  Probe (Chrono Boost)  
  41  4:11  Probe (Chrono Boost)  
  41  4:15  Twilight Council  
  41  4:17  Observer  
  42  4:20  Probe (Chrono Boost)  
  42  4:21  Zealot  
  42  4:23  Probe (Chrono Boost)  
  47  4:25  Assimilator, Sentry  
  47  4:30  Probe (Chrono Boost)  
  50  4:35  Probe (Chrono Boost)  
  51  4:39  Immortal  
  51  4:41  Probe (Chrono Boost)  
  57  4:47  Probe (Chrono Boost)  
  57  4:49  Blink  
  57  4:51  Probe (Chrono Boost)  
  58  4:59  Probe (Chrono Boost)  
  59  5:03  Pylon, Probe (Chrono Boost)  
  60  5:08  Pylon  
  60  5:11  Probe (Chrono Boost)  
  60  5:12  Pylon  
  61  5:16  Immortal  
  67  5:29  Stalker, Probe x2 (Chrono Boost)  
  67  5:35  Stalker  
  71  5:44  Gateway  
  70  5:51  Immortal  
  70  5:56  Probe x2 (Chrono Boost)  
  74  6:08  Probe (Chrono Boost)  
  74  6:10  Forge  
  75  6:11  Stalker  
  75  6:12  Stalker  
  75  6:15  Probe (Chrono Boost)  
  80  6:20  Probe (Chrono Boost)  
  78  6:27  Probe (Chrono Boost)  
  78  6:32  Probe (Chrono Boost)  
  78  6:35  Stalker  
  78  6:38  Immortal  
  78  6:45  Probe x2 (Chrono Boost)  
  74  6:48  Stalker  
  76  6:57  Probe x2 (Chrono Boost)  
  76  6:59  Protoss Ground Weapons Level 1  
  80  7:15  Warp Prism  
  78  7:16  Stalker x2  
  78  7:20  Stalker  
  86  7:28  Gateway  
  86  7:31  Pylon  
  86  7:33  Pylon  
  86  7:50  Robotics Bay  
  88  7:58  Assimilator, Probe (Chrono Boost)  
  88  7:59  Probe (Chrono Boost)  
  88  8:07  Gateway  
  88  8:09  Gateway  
  88  8:14  Stalker x3  
  85  8:38  Disruptor  
  85  8:40  Stalker x3  
  94  8:47  Gateway  
  94  8:53  Pylon  
  94  9:14  Disruptor  
  95  9:29  Adept x2  
  95  9:30  Adept x4  
  97  9:50  Stalker x4  
  90  9:56  Adept x2  
Show
View Real Time Build Order
Export as new Build Order

IIIIIIIIIIII Protoss 

Build Orders:  

Get SALT Encoding   

  12  0:01  Probe (Chrono Boost)  
  13  0:11  Probe (Chrono Boost)  
  14  0:17  Pylon  
  14  0:23  Probe (Chrono Boost)  
  15  0:36  Probe (Chrono Boost)  
  15  0:37  Gateway  
  16  0:43  Assimilator  
  16  0:46  Probe (Chrono Boost)  
  17  0:52  Assimilator  
  17  0:57  Probe (Chrono Boost)  
  18  1:04  Gateway  
  18  1:08  Probe (Chrono Boost)  
  20  1:18  Probe (Chrono Boost)  
  20  1:24  Cybernetics Core  
  20  1:29  Probe (Chrono Boost)  
  21  1:35  Pylon  
  21  1:39  Probe (Chrono Boost)  
  22  1:49  Warp Gate  
  22  1:50  Probe (Chrono Boost)  
  23  2:02  Stalker x2  
  27  2:14  Mothership Core (Chrono Boost)  
  29  2:19  Pylon  
  29  2:34  Probe (Chrono Boost)  
  30  2:38  Stalker x2  
  34  2:50  Probe (Chrono Boost)  
  35  3:02  Probe (Chrono Boost)  
  34  3:14  Probe (Chrono Boost)  
  34  3:24  Nexus  
  34  3:26  Probe (Chrono Boost)  
  35  3:27  Pylon  
  35  3:36  Robotics Facility  
  36  3:41  Probe (Chrono Boost)  
  36  3:52  Probe (Chrono Boost)  
  37  4:00  Sentry x2  
  40  4:10  Probe (Chrono Boost)  
  40  4:21  Probe (Chrono Boost), Warp Prism  
  41  4:25  Gateway  
  41  4:26  Gateway  
  43  4:33  Probe (Chrono Boost), Gateway  
  43  4:36  Probe (Chrono Boost)  
  45  4:40  Sentry  
  45  4:42  Sentry  
  45  4:45  Probe (Chrono Boost)  
  50  4:48  Probe (Chrono Boost)  
  51  4:54  Pylon  
  51  4:57  Probe (Chrono Boost)  
  51  4:58  Immortal  
  52  5:05  Probe (Chrono Boost)  
  57  5:11  Probe (Chrono Boost)  
  58  5:15  Probe (Chrono Boost)  
  60  5:23  Probe (Chrono Boost), Gateway  
  60  5:30  Adept x4  
  68  5:38  Pylon  
  68  5:45  Pylon  
  68  5:51  Immortal  
  70  6:10  Adept x4  
  76  6:14  Pylon  
  76  6:25  Immortal  
  64  6:46  Adept  
  64  6:47  Adept x4  
  62  6:49  Twilight Council  
  62  6:51  Gateway  
  62  6:54  Pylon  
  62  6:59  Assimilator  
  62  7:00  Immortal  
  62  7:08  Adept x4  
  70  7:11  Adept  
  70  7:13  Resonating Glaives  
  72  7:19  Assimilator  
  72  7:30  Adept x3  
  78  7:44  Adept x2  
  78  7:46  Observer  
  83  7:55  Adept x2  
  83  7:56  Adept  
  89  8:02  Warp Prism  
  89  8:07  Adept x3  
  87  8:40  Adept x6  
  99  8:50  Pylon  
  99  8:52  Pylon  
  99  8:56  Pylon  
  99  9:08  Adept x5  
  109  9:10  Adept  
  97  9:29  Adept  
  97  9:30  Adept x4  
  89  9:49  Adept x3  
  75  9:53  Adept x3  
Tags
 
Add a new tag
Caveats
  • Supply blocks, unpowered buildings, or Contaminate may cause inaccurate times.
  • Supply counts are checked every 10 seconds.